 Dungeon Crawl Stone Soup version 0.30-a0-702-gdf48620a09 (webtiles) character file.

Game seed: 4336803059516456838

51 Leeroy the Slasher (level 3, 0/21 HPs)
             Began as a Tengu Warper on Jan 21, 2023.
             Succumbed to an adder's poison
             ... on level 2 of the Dungeon.
             The game lasted 00:00:58 (1063 turns).

Leeroy the Slasher (Tengu Warper)                   Turns: 1063, Time: 00:00:58

Health: 0/21       AC:  3    Str: 11    XL:     3   Next: 83%
Magic:  7/7        EV: 12    Int: 13    God:
Gold:   57         SH:  0    Dex: 15    Spells: 1/6 levels left

rFire   x . .      SeeInvis .    a - +0 falchion
rCold   + . .      Faith    .    (no shield)
rNeg    . . .      Spirit   .    b - +0 leather armour
rPois   .          Reflect  .    (helmet restricted)
rElec   .          Harm     .    (no cloak)
rCorr   .          Rampage  .    (no gloves)
Will    .....                    (boots unavailable)
Stlth   +                        (no amulet)
HPRegen 0.23/turn                g - ring of wizardry
MPRegen 0.10/turn                k - ring of ice

@: lethally poisoned (0 -> -5)
A: beak, talons 3
a: no special abilities


You were on level 2 of the Dungeon.
You visited 1 branch of the dungeon, and saw 2 of its levels.

You collected 57 gold pieces.

Inventory:

Hand Weapons
 a - a +0 falchion (weapon)
 h - a +0 rapier
Missiles
 d - 7 boomerangs of dispersal (quivered)
 l - 6 boomerangs
Armour
 b - a +0 leather armour (worn)
Jewellery
 g - a ring of wizardry (left hand)
 k - a ring of ice (right hand)
Scrolls
 c - 2 scrolls of blinking
 j - 2 scrolls of identify {unknown}
 m - a scroll of teleportation {unknown}
 o - a scroll of fear {unknown}
 p - a scroll of vulnerability {unknown}
 q - a scroll of noise {unknown}
Potions
 e - a potion of curing {unknown}
 f - 2 potions of attraction {unknown}
 i - a potion of might {unknown}
 n - a potion of brilliance {unknown}


   Skills:
 - Level 2.0 Fighting
 + Level 4.4 Long Blades
 - Level 1.0 Throwing
 - Level 1.1 Armour
 - Level 2.1 Dodging
 - Level 2.0 Spellcasting
 - Level 2.4 Translocations


You had one spell level left.
You knew the following spells:

 Your Spells              Type           Power      Damage    Failure   Level
a - Blink                 Tloc           14%        N/A       8%          2
b - Vhi's Electric Charg  Tloc/Air       8%         N/A       24%         3

Your spell library contained the following spells:

 Spells                   Type           Power      Damage    Failure   Level
 Lesser Beckoning         Tloc           14%        N/A       8%          2
 Teleport Other           Tloc           7%         N/A       16%         3
 Manifold Assault         Tloc           7%         N/A       43%         4


Dungeon Overview and Level Annotations

Branches:
Dungeon (2/15)

Altars:


Innate Abilities, Weirdness & Mutations

You have a beak for a mouth.
You have claws for feet.


Message History

You miss the adder. You peck the adder.
The adder is lightly wounded.
The adder misses you.
You barely miss the adder. You claw the adder.
The adder is heavily wounded.
The adder closely misses you. The adder barely misses you.
You closely miss the adder. Your kick misses the adder.
You peck the adder, but do no damage.
The adder is heavily wounded.
The adder bites you.
You are poisoned.
The adder poisons you! The adder bites you but does no damage.
The adder barely misses you.
You barely miss the adder. You claw the adder.
The adder is severely wounded.
You feel sick. The adder bites you.
You are more poisoned.
The adder poisons you! The adder bites you but does no damage.
The adder barely misses you.
You feel sick. The adder misses you. The adder attacks as you move away!
The adder misses you.
You feel sick.
You feel sick.
You feel sick. The adder barely misses you.
You closely miss the adder. You claw the adder.
You kill the adder!
You feel sick.
You barely miss the adder. You claw the adder!
The adder is severely wounded.
You feel sick. The adder bites you but does no damage. The adder bites you.
* * * LOW HITPOINT WARNING * * *
You are lethally poisoned!
The adder poisons you!
You hit the adder. Your kick misses the adder. Your peck misses the adder.
The adder is almost dead.
* * * LOW HITPOINT WARNING * * *
You feel sick. The adder bites you.
* * * LOW HITPOINT WARNING * * *
You hit the adder.
You kill the adder!
You die...

.... ... #..
......$ #..
..$.... #.#
....... #.###
....... #.#<#
....... #@#.#
....... #†#.#
###....##...#
..........##..#
.............##
..........##.#
.....$....# .#
.$.[......# .#
..........# .#


There were no monsters in sight!

Vanquished Creatures
  3 adders (D:2)
  2 endoplasms (D:1)
  5 goblins (D:1)
  7 hobgoblins
  4 jackals (D:1)
  A quokka (D:1)
  3 ball pythons (D:1)
  A frilled lizard (D:1)
  4 rats (D:1)
30 creatures vanquished.

Notes
Turn   | Place    | Note
-------+----------+-------------------------------------------
     0 | D:1      | Leeroy the Tengu Warper began the quest for the Orb.
     0 | D:1      | Reached XP level 1. HP: 12/12 MP: 4/4
    61 | D:1      | Found a faded altar of an unknown god.
   187 | D:1      | Reached XP level 2. HP: 16/17 MP: 6/6
   262 | D:1      | Reached skill level 3 in Long Blades
   635 | D:1      | Reached XP level 3. HP: 21/21 MP: 7/7
   694 | D:1      | Learned a level 2 spell: Blink
   698 | D:1      | Learned a level 3 spell: Vhi's Electric Charge
   794 | D:1      | Reached skill level 4 in Long Blades
  1063 | D:2      | Succumbed to an adder's poison

Illustrated notes

Levels and vault maps discovered:
D:1:      mainiacjoe_arrival_reflecting_pool, layout_basic,
          basic_ecumenical_altar
D:2:      minmay_skewed_foursquare, layout_basic, uniq_terence

Skill      XL: |  1  2  3 |
---------------+----------+-----
Long Blades    | 3 4 |  4.4
Fighting       | |  2.0
Throwing       | |  1.0
Armour         | |  1.1
Dodging        | |  2.1
Spellcasting   | |  2.0
Translocations | |  2.4

Action                   || total
-------------------------++-------
Melee: Falchion          ||    72
       Kick              ||    20
       Peck              ||    10
       Punch             ||     1
 Stab: Sleeping          ||     1
Armor: Leather armour    ||    18
Dodge: Dodged            ||    43

Table legend: (Time is in decaauts)
 A = Elapsed time spent in this place.
 B = Non-inter-level travel time spent in this place.
 C = Inter-level travel time spent in this place.
 D = Time resting spent in this place.
 E = Time spent auto-exploring this place.
 F = Levels seen in this place.
 G = Mean time per level.
                   A        B        C        D        E       F      G
               +--------+--------+--------+--------+--------+-----+--------+
         Total |   1071 |   1033 |     38 |      0 |    856 |   2 |  535.5 |
       Dungeon |   1071 |   1033 |     38 |      0 |    856 |   2 |  535.5 |
               +--------+--------+--------+--------+--------+-----+--------+

Top non-repeatable levels by time:
     D:1: 1044 daAuts
     D:2: 27 daAuts
